 Dungeon Crawl Stone Soup version 0.18.1-5-g4a78601 (webtiles) character file.

270 Guinours the Sneak (level 6, -5/44 HPs)
             Began as a Vampire Assassin on May 10, 2016.
             Was an Initiate of Dithmenos.
             Killed by nerve-wracking pain
             ... invoked by an orc priest
              (12 damage)
             ... on level 4 of the Dungeon.
             The game lasted 00:38:13 (3732 turns).

Guinours the Sneak (Vampire Assassin)               Turns: 3732, Time: 00:38:14

Health: -5/44      AC:  5    Str: 10    XL:     6   Next: 1%
Magic:  6/6        EV: 11    Int: 14    God:    Dithmenos [......]
Gold:   122        SH:  0    Dex: 17    Spells: 0 memorised, 5 levels left

rFire  . . .     SeeInvis +     a - +2 dagger
rCold  . . .     Gourm    .     h - +1 leather armour
rNeg   + . .     Faith    .     (no shield)
rPois  .         Spirit   .     (no helmet)
rElec  .         Dismiss  .     d - +0 cloak
rCorr  .         Reflect  .     (no gloves)
SustAt .         Harm     .     (no boots)
MR     .....                    (no amulet)
Stlth  ++++......               (no ring)
                                (no ring)

@: not resistant to hostile enchantments, stealthy
A: fangs 3, see invisible, unbreathing
a: Bat Form, Renounce Religion


You were on level 4 of the Dungeon.
You worshipped Dithmenos.
Dithmenos was noncommittal.
You were not thirsty.

You visited 1 branch of the dungeon, and saw 4 of its levels.

You collected 122 gold pieces.

Inventory:

Hand Weapons
 a - a +2 dagger (weapon)
 b - a +0 blowgun
 w - a +0 blowgun
Missiles
 e - 6 poisoned needles
 f - a curare-tipped needle
 i - 51 bolts
 j - 65 sling bullets
 k - 159 stones (quivered)
 o - 4 needles of sleeping
Armour
 c - a +0 robe
 d - a +0 cloak (worn)
 h - a +1 leather armour (worn)
Jewellery
 m - an uncursed amulet of the gourmand {unknown}
Wands
 p - a wand of slowing (24/48)
 s - a wand of flame (28/48)
Scrolls
 l - 4 scrolls of fog
 n - a scroll of immolation
 r - 4 scrolls of remove curse
 v - a scroll of amnesia
Potions
 g - 11 potions of blood


   Skills:
 + Level 2.2 Fighting
 + Level 2.5 Short Blades
 + Level 4.0 Throwing
 + Level 1.9 Armour
 + Level 1.4 Dodging
 + Level 6.6 Stealth


You had 5 spell levels left.
You didn't know any spells.

Dungeon Overview and Level Annotations

Branches:
Dungeon (4/15)
 Temple: D:4-7

Altars:
Dithmenos
Xom


Innate Abilities, Weirdness & Mutations

You have razor-sharp teeth.
You have supernaturally acute eyesight.
You can survive without breathing.


Message History

You hit the orc.
You kill the orc!
Dithmenos accepts your kill. The orc barely misses you.
You barely miss the orc.
The orc is almost dead.
The orc hits you but does no damage.
You hit the orc.
You kill the orc!
Dithmenos accepts your kill.
You hit the orc priest.
The orc priest is lightly wounded.
The orc priest calls down the wrath of Beogh upon you.
Beogh smites you!
* * * LOW HITPOINT WARNING * * *
You hit the orc priest but do no damage.
The orc priest is lightly wounded.
The orc priest invokes the aid of Beogh against you.
Pain shoots through your body!
You die...

.##......######.......#
.........).....%..#####
.........######.#.##
...####### #.#..# %..#
#.##.# ...# #######.##.##
...# #.......##..#
...######.#########(####.##
##......#.#.....@o)..(.(..#
######.#.#.#######).###..#
#<.......# ##(# ######)...#
#..# ..........# ##.#
########### .. #o# [( #.o


You could see an orc priest.

Vanquished Creatures
  2 orc priests (D:4)
  A hound (D:4)
  A worker ant (D:4)
  2 orc wizards
  An adder (D:3)
  An ooze (D:3)
  4 worms
  2 dart slugs (D:2)
  9 orcs
  A ball python (D:1)
  5 bats
  4 giant cockroaches
  9 goblins
  9 hobgoblins
  7 kobolds
  A quokka (D:3)
  3 giant newts
  7 rats
69 creatures vanquished.

Notes
Turn   | Place    | Note
--------------------------------------------------------------
     0 | D:1      | Guinours the Vampire Assassin began the quest for the Orb.
     0 | D:1      | Reached XP level 1. HP: 16/16 MP: 1/1
   259 | D:1      | Reached skill level 6 in Stealth
   435 | D:1      | Reached XP level 2. HP: 22/22 MP: 2/2
  1115 | D:2      | Reached XP level 3. HP: 18/27 MP: 3/3
  2171 | D:3      | Reached XP level 4. HP: 30/33 MP: 4/4
  2847 | D:3      | Found a shimmering altar of Xom.
  2847 | D:3      | Found a shadowy altar of Dithmenos.
  2857 | D:3      | Became a worshipper of Dithmenos the Shadowed
  2988 | D:4      | Reached skill level 1 in Armour
  2988 | D:4      | Reached XP level 5. HP: 25/38 MP: 5/5
  3703 | D:4      | Reached XP level 6. HP: 24/44 MP: 6/6
  3732 | D:4      | Killed from afar by an orc priest

Skill      XL: |  1  2  3  4  5 |
---------------+----------------+-----
Stealth        | 6 |  6.6
Throwing       | 2 3 4 |  4.0
Fighting       | 2 |  2.2
Armour         | 1 |  1.9
Short Blades   | |  2.5
Dodging        | |  1.4

Action                   |  1- 3 |  4- 6 || total
-------------------------+-------+-------++-------
Melee: Dagger            |    84 |    91 ||   175
       Bite              |     7 |    14 ||    21
 Fire: Blowgun           |    86 |    42 ||   128
Throw: Stone             |     2 |     2 ||     4
  Use: Scroll            |     6 |     2 ||     8
       Potion            |     3 |     8 ||    11
Armor: Leather armour    |    17 |    13 ||    30
Dodge: Dodged            |    51 |    45 ||    96
